 Dungeon Crawl Stone Soup version 0.22-a0-300-g82e80c5 (webtiles) character file.

115346 soadsod the Warrior (level 16, 0/156 HPs)
             Began as a Hill Orc Monk on Mar 22, 2018.
             Was the Champion of Beogh.
             Splashed by a deep elf sorcerer's acid (14 damage)
             ... on level 3 of the Elven Halls on Mar 26, 2018.
             The game lasted 04:30:30 (44397 turns).

soadsod the Warrior (Hill Orc Monk)                Turns: 44397, Time: 04:30:31

Health: 0/156      AC: 20    Str: 16    XL:     16   Next: 68%
Magic:  0/25       EV: 12    Int: 12    God:    Beogh [******]
Gold:   2582       SH: 12    Dex: 20    Spells: 13/15 levels left

rFire    + . .     SeeInvis +   Q - +5 morningstar (freeze)
rCold    . . .     Gourm    +   M - +0 shield
rNeg     . . .     Faith    .   Y - +5 ring mail {rF+}
rPois    +         Spirit   +   D - +0 helmet
rElec    .         Reflect  .   G - scarf {Spirit}
rCorr    .         Harm     .   r - +2 pair of gloves
MR       +....                  g - +2 pair of boots
Stlth    ++........             f - amulet of the gourmand
HPRegen  0.36/turn              n - ring of see invisible
MPRegen  0.19/turn              p - ring of poison resistance

@: marked, drained
A: walk on water, thin skeletal structure 1, clever 1, no potion heal 1
a: Smiting, Recall Orcish Followers, Give Item to Named Follower, Resurrection,
Renounce Religion


You were on level 3 of the Elven Halls.
You worshipped Beogh.
Beogh was exalted by your worship.
You were not hungry.

You visited 6 branches of the dungeon, and saw 32 of its levels.
You also visited: Volcano.

You collected 2582 gold pieces.

Inventory:

Hand Weapons
 h - the +8 longbow "Zephyr" {speed, Dex+3 SInv}
   (You found it on level 2 of the Elven Halls)

   Attacks with this weapon are significantly faster.
   It affects your dexterity (+3).
   It lets you see invisible.
 s - a +3 broad axe of venom
 z - a +1 hand axe of flaming
 Q - a +5 morningstar of freezing (weapon)
Missiles
 j - 60 tomahawks (quivered)
Armour
 g - a +2 pair of boots (worn)
 r - a +2 pair of gloves (worn)
 y - a +3 scale mail of fire resistance
 D - a +0 helmet (worn)
 G - a scarf of spirit shield (worn)
 M - a +0 shield (worn)
 Y - a +5 ring mail of fire resistance (worn)
Jewellery
 e - an uncursed amulet of rage
 f - an amulet of the gourmand (around neck)
 i - an uncursed ring of ice
 n - a ring of see invisible (left hand)
 p - a ring of poison resistance (right hand)
 x - an uncursed ring of fire
 C - an uncursed amulet of regeneration
 H - an uncursed ring of fire
 V - an uncursed ring of flight
 X - a +3 amulet of reflection
Wands
 b - a wand of digging (11)
 u - a wand of scattershot (2)
 v - a wand of disintegration (8)
 I - a wand of paralysis (31)
 Z - a wand of polymorph (8)
Scrolls
 d - 2 scrolls of fog
 k - a scroll of enchant armour
 l - 10 scrolls of teleportation
 q - 14 scrolls of remove curse
 w - a scroll of magic mapping
 F - a scroll of blinking
 O - 5 scrolls of identify
Potions
 a - 2 potions of berserk rage
 m - 4 potions of resistance
 o - a potion of brilliance
 t - 18 potions of curing
 A - a potion of agility
 B - 4 potions of heal wounds
 E - a potion of lignification
 N - a potion of ambrosia
 U - a potion of haste
 W - a potion of invisibility
Miscellaneous
 J - a lamp of fire
 K - a box of beasts
 P - a lightning rod (4/4)
Comestibles
 c - 46 rations


   Skills:
 + Level 17.6(16.2) Fighting
   Level 4.1(3.1) Long Blades
 - Level 13.6(14.6) Axes
 + Level 12.2(12.7) Maces & Flails
 - Level 11.5(10.3) Armour
 - Level 5.2(4.2) Dodging
 - Level 3.6(2.6) Stealth
 + Level 11.0(9.8) Shields
 + Level 1.1(0.2) Charms
 + Level 12.6(11.4) Invocations
 - Level 7.0(5.9) Evocations


You had 13 spell levels left.
You knew the following spells:

 Your Spells              Type           Power        Failure   Level  Hunger
a - Song of Slaying       Chrm           #.......     83%         2    ###....


Dungeon Overview and Level Annotations

Branches:
Dungeon (15/15)            Temple (0/1) D:5            Lair (6/6) D:11
  Swamp (3/4) Lair:3       Spider (3/4) Lair:2        Slime (0/5) Lair:5
    Orc (2/2) D:9             Elf (3/3) Orc:2        Vaults (0/5) D:14
 Depths (0/5) D:15

Altars:
Cheibriados
Elyvilon
Fedhas
Gozag
Hepliaklqana
Okawaru
Qazlal
Ru
Trog
Uskayaw
Vehumet
Wu Jian
Zin
Beogh
Jiyva

Shops:
D:6 :   D:9 *[   Orc:2 :([

Portals:
Trove: D:13 (give +3 storm dragon scales)

Annotations:
D:11 ice dragon!
D:12 8 runed doors, exclusions: 4 doors and 4 more exclusions
Swamp:3 Mara
Spider:3 Asterion
Elf:2 3 runed doors


Innate Abilities, Weirdness & Mutations

You can walk on water.
You have a somewhat thin skeletal structure. (Dex +2, Stealth)
Your mind is acute. (Int +2)
Potions are less effective at restoring your health.


Message History

Unknown command.
What are your orders? t - Shout!
Orders for allies: a - Attack new target. r - Retreat! s - Stop attacking. g - Guard the area. f - Follow me.
Anything else - Cancel.
Gang up on whom?
Press: ? - help, Dir - move target cursor, f - deep elf sorcerer
Aim: a deep elf sorcerer, wielding a dagger (heavily wounded) Attack!
Your orc knight no longer looks unusually strong.
The deep elf knight gestures wildly while chanting.
The deep elf knight seems to speed up.
The deep elf sorcerer casts a spell at you.
The bolt of acid misses Orkrul.
The bolt of acid hits you!
* * * LOW MAGIC WARNING * * *;
* * * LOW HITPOINT WARNING * * *
You are splashed with acid!
The acid burns!
* * * LOW MAGIC WARNING * * *
You die...

...##,,,**** #.........###*,,,,,
#'###****######.e..#...((..,,,,,,
....##,,,..............?...*,,,,,
.8...##**........=)...e....*,,,,,
.)....##*#.<.....((....e...*,,,,,
.<..8..###.##.#..).e)#.#,,,*,,,,,
........###.#..4...)..#**,,,,,,,,
.8.......##.#....o.o##.#,,*****,,
....#.....#.#..o@oo.##...,*,,,,,,
....#..8..##.....o.(..#*#.#******
.8..##.....##.......#.# **#******
....##.....###.....##.#** **,,,**
..o.##.....#............#**,∩,,**
....###'#.#####.#####.###*,,,,,**
+#.####.....##........###*,∩,⌠,∩,
.#.#.##...#.##.####.#...#*,,,,,**
.....##.#.#.##.####.#...#**,∩,,*


You could see a deep elf death mage, a deep elf sorcerer, a deep elf knight, a
deep elf mage, the friendly Orbeogh the orc warlord, a friendly orc knight, the
friendly Milork the orc knight, the friendly Orkrul the orc knight, the friendly
Wargath the orc knight, a friendly rust devil and the friendly Herok the orc
sorcerer.

Vanquished Creatures
  A thorn hunter (Swamp:2)
  Donald (Orc:2)
  A ghost moth (Spider:1)
  A very ugly thing (Swamp:2)
  2 stone giants
  An entropy weaver (Spider:1)
  2 deep elf demonologists
  An ice dragon (D:11)
  10 hydras
  2 ghost crabs
  2 centaur warriors
  3 two-headed ogres
  3 dancing weapons
  5 alligators
  A queen ant (Spider:1)
  An orc high priest (Orc:1)
  7 deep elf knights
  2 spriggan druids
  An unseen horror (D:12)
  A swamp dragon (Swamp:1)
  3 shambling mangroves
  Pikel (D:4)
  A deep elf archer (Elf:2)
  An orc knight (Orc:2)
  13 deep elf magi
  4 wolf spiders
  An orb spider (Spider:1)
  2 cyclopes
  5 slime creatures
  2 centaur zombies (D:12)
  2 ugly things
  11 spiny frogs
  A centaur skeleton (D:13)
  3 gargoyles
  Psyche (D:10)
  An efreet (Volcano)
  A rime drake (Lair:2)
  5 komodo dragons
  A jumping spider (Spider:2)
  A meliai (Spider:2)
  4 trolls
  6 hornets
  3 bog bodies
  5 blink frogs
  A hippogriff (D:13)
  An air elemental (Elf:3)
  2 tarantellas (Spider:2)
  2 redbacks (Spider:2)
  Sigmund (D:10)
  2 water elementals
  A spriggan (Swamp:2)
  A hungry ghost (D:7)
  3 hogs (D:13)
  6 humans (D:10)
  A basilisk (Lair:6)
  3 fire elementals
  A wyvern (D:13)
  10 vampire mosquitoes
  22 yaks
  A steam dragon (Lair:6)
  3 large abominations (Elf:1)
  14 swamp worms
  6 soldier ants
  Menkaure (D:7)
  An acid dragon (Lair:6)
  3 insubstantial wisps (Swamp:1)
  A water moccasin (Lair:2)
  3 porcupines
  5 orc warriors
  5 swamp drakes
  4 sky beasts
  An eye of draining (D:13)
  A phantom (D:10)
  5 ice beasts
  7 ogres
  4 wolves
  A necrophage (D:9)
  4 centaurs
  5 crocodiles
  2 big kobolds (D:8)
  2 earth elementals
  2 bullfrogs
  A gnoll sergeant (D:11)
  4 scorpions
  A wyvern skeleton (D:12)
  13 killer bees
  5 howler monkeys
  4 wights (D:13)
  2 electric eels
  4 crimson imps
  3 quasits
  2 bullfrog zombies
  2 hounds (D:10)
  4 jellies
  8 orc priests
  12 orc wizards
  4 iguanas
  15 worker ants
  Terence (D:2)
  A killer bee zombie (D:5)
  A howler monkey zombie (D:5)
  9 gnolls
  12 adders
  3 shadow imps
  An ooze (D:3)
  2 adder skeletons
  An adder zombie (D:7)
  2 worms (Lair:2)
  4 dart slugs
  11 leopard geckos
  26 orcs
  2 ball pythons (D:1)
  6 giant cockroaches
  5 goblins
  3 hobgoblins
  18 jackals
  5 quokkas
  4 bats
  5 frilled lizards
  16 kobolds
  A leopard gecko skeleton (D:5)
  6 rats
  19 fungi
  5 plants
517 creatures vanquished.

Vanquished Creatures (collateral kills)
  Arachne (Spider:3)
  Kirke (D:13)
  Roxanne (Spider:1)
  2 orc warlords (Orc:2)
  An entropy weaver (Spider:1)
  The ghost of dinky the Arsonist, a journeyman DrFE of Qazlal (D:14)
  A spark wasp (Spider:2)
  A deep elf annihilator (Elf:1)
  A deep elf death mage (Elf:1)
  A deep elf high priest (Elf:2)
  4 hydras
  An orc high priest (Swamp:3)
  A vault guard (D:14)
  A death knight (D:13)
  2 two-headed ogres
  3 alligators
  4 dancing weapons
  2 spriggans (Swamp:2)
  2 deep elf knights
  An unseen horror (D:13)
  2 deep elf archers (Elf:2)
  A necromancer (Elf:1)
  3 orc knights
  6 orb spiders (Spider:2)
  5 wolf spiders
  12 deep elf magi
  A manticore (D:12)
  A cyclops (D:11)
  A moth of wrath (Spider:3)
  An ugly thing (D:11)
  2 black mambas
  A gargoyle (D:14)
  3 spiny frogs
  2 centaur skeletons
  6 komodo dragons
  2 rime drakes
  3 demonic crawlers (Spider:1)
  A guardian mummy (D:13)
  3 polar bears
  5 trolls
  A jumping spider (Spider:1)
  A queen bee (Spider:2)
  2 meliai (Spider:2)
  8 slime creatures
  6 hornets
  8 blink frogs
  6 hippogriffs
  A meliai zombie (D:12)
  An air elemental (Elf:1)
  4 redbacks (Spider:2)
  5 wyverns
  4 tarantellas (Spider:2)
  25 yaks
  3 basilisks
  A water elemental (Elf:2)
  2 hungry ghosts
  2 hogs (D:13)
  4 large abominations (Elf:1)
  3 vampire mosquitoes
  An insubstantial wisp (Swamp:1)
  3 wargs (Orc:2)
  4 swamp worms
  5 soldier ants
  4 water moccasins
  5 porcupines
  2 swamp drakes (Swamp:2)
  6 orc warriors
  3 sky beasts
  An ice beast (D:12)
  A phantom (D:7)
  6 ogres
  A centaur (D:7)
  3 wolves (Lair:5)
  8 crocodiles
  A big kobold (D:12)
  2 elf zombies (Elf:1)
  2 earth elementals
  4 bullfrogs
  3 scorpions
  11 killer bees
  2 electric eels
  4 howler monkeys
  2 crimson imps
  2 centaur zombies (D:12)
  5 hounds
  A bullfrog skeleton (D:13)
  6 orc priests
  8 orc wizards
  2 iguanas
  13 worker ants
  A killer bee zombie (D:10)
  A hound zombie (D:6)
  A worker ant zombie (D:11)
  4 adders
  2 gnolls (D:11)
  A shadow imp (D:9)
  A worm (Lair:2)
  17 orcs
  4 kobolds (D:12)
  A quokka (D:6)
  A bush (Lair:3)
  37 fungi
  32 plants
404 creatures vanquished.

Vanquished Creatures (others)
  An orc warlord (Spider:1)
  3 orc knights
  11 orc warriors
  2 orc sorcerers
  A tarantella (Spider:2)
  A human (D:13)
  3 insubstantial wisps (Swamp:1)
  A centaur (D:13)
  14 orc priests
  A killer bee (Spider:2)
  12 orc wizards
  2 worker ants (D:4)
  3 gnolls (D:4)
  An adder (D:4)
  57 orcs
  A giant cockroach (D:4)
  A leopard gecko skeleton (D:4)
  A quokka skeleton (D:4)
  9 fungi
  36 plants
161 creatures vanquished.

Grand Total: 1082 creatures vanquished

Notes
Turn   | Place    | Note
-------+----------+-------------------------------------------
     0 | D:1      | soadsod the Hill Orc Monk began the quest for the Orb.
     0 | D:1      | Reached XP level 1. HP: 19/19 MP: 1/1
   335 | D:1      | Reached XP level 2. HP: 27/27 MP: 2/2
  1153 | D:1      | Reached skill level 4 in Fighting
  1153 | D:1      | Reached XP level 3. HP: 27/33 MP: 3/3
  1899 | D:2      | Reached XP level 4. HP: 20/40 MP: 4/4
  2014 | D:2      | Reached skill level 1 in Armour
  2330 | D:3      | Reached skill level 5 in Axes
  2710 | D:4      | Reached XP level 5. HP: 28/47 MP: 5/5
  2994 | D:4      | Became a worshipper of Beogh the Brigand
  2994 | D:4      | Reached * piety under Beogh
  2994 | D:4      | Reached ** piety under Beogh
  3439 | D:3      | Reached skill level 5 in Fighting
  3531 | D:2      | Noticed Terence
  4002 | D:2      | Killed Terence
  4002 | D:2      | Reached XP level 6. HP: 40/56 MP: 6/6
  4373 | D:3      | Reached skill level 1 in Invocations
  4610 | D:4      | Reached skill level 1 in Shields
  4699 | D:4      | Found a snail-covered altar of Cheibriados.
  4721 | D:4      | Noticed a slave
  4722 | D:4      | Noticed a slave
  4723 | D:4      | Noticed Pikel
  4729 | D:4      | Noticed a slave
  4732 | D:4      | Noticed a slave
  4763 | D:4      | Killed Pikel
  4763 | D:4      | Reached skill level 6 in Fighting
  4763 | D:4      | Reached XP level 7. HP: 37/63 MP: 7/9
  4894 | D:5      | Entered Level 5 of the Dungeon
  4946 | D:5      | Reached XP level 8. HP: 68/70 MP: 10/10
  5444 | D:5      | Reached *** piety under Beogh
  5465 | D:5      | Reached skill level 7 in Fighting
  5465 | D:5      | Reached skill level 5 in Invocations
  5468 | D:5      | Found a sacrificial altar of Ru.
  5821 | D:5      | Found a white marble altar of Elyvilon.
  5822 | D:5      | Found a stormy altar of Qazlal.
  5975 | D:5      | Reached skill level 8 in Fighting
  6024 | D:5      | Noticed an air elemental
  6026 | D:5      | Found a stormy altar of Qazlal.
  6035 | D:5      | Noticed a water elemental
  6038 | D:5      | Found a staircase to the Ecumenical Temple.
  6234 | D:3      | Found a hazy altar of Hepliaklqana.
  6672 | D:6      | Found an iron altar of Okawaru.
  6787 | D:6      | Reached XP level 9. HP: 82/82 MP: 13/13
  6873 | D:6      | Found Kirusew's Book Emporium.
  7031 | D:6      | Found a hide-covered altar of Uskayaw.
  7122 | D:6      | Found a sacrificial altar of Ru.
  7199 | D:7      | Found a glowing silver altar of Zin.
  7368 | D:7      | Reached **** piety under Beogh
  7391 | D:7      | Noticed Menkaure
  7398 | D:7      | Killed Menkaure
  7429 | D:7      | Reached skill level 9 in Fighting
  7477 | D:7      | Reached skill level 5 in Armour
  8004 | D:7      | Noticed a komodo dragon
  8015 | D:7      | Killed a komodo dragon
  8123 | D:7      | Got a steaming leather armour
  8124 | D:7      | Identified the +0 leather armour of the Thirsty Hells {MR+ Int+2} (You found it on level 7 of the Dungeon)
  8746 | D:8      | Found a blossoming altar of Fedhas.
  8808 | D:8      | Gained Milork as an ally
  8833 | D:8      | Noticed a centaur warrior
  8843 | D:8      | Killed a centaur warrior
  8843 | D:8      | Reached skill level 10 in Fighting
  8843 | D:8      | Reached XP level 10. HP: 80/93 MP: 14/14
  9151 | D:8      | Reached skill level 5 in Dodging
  9411 | D:9      | Found Jioch's Armour Shoppe.
  9411 | D:9      | Found a staircase to the Orcish Mines.
  9449 | D:9      | Reached ***** piety under Beogh
  9666 | D:9      | Found a radiant altar of Vehumet.
  9764 | D:9      | Found an opulent altar of Gozag.
  9799 | D:9      | Found Caotoog's Assorted Antiques.
 10107 | D:10     | Entered Level 10 of the Dungeon
 10226 | D:10     | Noticed a two-headed ogre
 10233 | D:10     | Killed a two-headed ogre
 10233 | D:10     | Reached skill level 10 in Axes
 10249 | D:10     | Got a smoking quarterstaff
 10609 | D:10     | Found a runed door.
 10886 | D:10     | Noticed a two-headed ogre
 10894 | D:10     | Killed a two-headed ogre
 10894 | D:10     | Reached skill level 11 in Fighting
 10930 | D:10     | Gained Bogdar as an ally
 11010 | D:10     | Found a large runed door.
 11137 | D:10     | Reached XP level 11. HP: 96/101 MP: 16/16
 11699 | D:10     | Found a runed door.
 11708 | D:10     | Found a runed door.
 11710 | D:10     | Found a runed door.
 11712 | D:10     | Found a runed door.
 11715 | D:10     | Found a runed door.
 11718 | D:10     | Found a runed door.
 11726 | D:10     | Noticed Sigmund
 11729 | D:10     | Noticed Psyche
 11796 | D:10     | Killed Psyche
 11839 | D:10     | Killed Sigmund
 11839 | D:10     | Gained Bogbrand as an ally
 11878 | D:10     | Got a bloodstained ring mail
 11883 | D:10     | Found a runed door.
 11884 | D:10     | Identified the +1 ring mail of Impermeability {Int+8 Stlth+} (You found it on level 10 of the Dungeon)
 12072 | D:10     | Found a large runed door.
 12349 | D:11     | Found a staircase to the Lair.
 12758 | D:11     | Noticed a cyclops
 12774 | D:11     | Killed a cyclops
 12782 | D:11     | Your ally Bogdar died
 12846 | D:11     | Noticed a purple ugly thing
 12857 | D:11     | Killed a purple ugly thing
 13001 | D:11     | Noticed an ice dragon
 13003 | D:11     | Reached skill level 12 in Fighting
 13062 | D:10     | fuck i lost bogdar the wizard
 13382 | Lair:1   | Entered Level 1 of the Lair of Beasts
 13801 | Lair:1   | Found a sacrificial altar of Ru.
 14470 | Lair:2   | Reached XP level 12. HP: 105/111 MP: 19/19
 14490 | Lair:2   | Noticed a seven-headed hydra
 14496 | Lair:2   | Killed a seven-headed hydra
 14496 | Lair:2   | Reached skill level 10 in Invocations
 14614 | Lair:2   | Reached skill level 1 in Evocations
 14933 | Lair:2   | Reached skill level 5 in Shields
 15070 | D:11     | Gained Bogrim as an ally
 15224 | D:12     | Found an ornate altar of the Wu Jian Council.
 15232 | D:12     | Gained Orkrul as an ally
 15360 | D:12     | Noticed a five-headed hydra
 15362 | D:12     | Noticed a two-headed ogre
 15368 | D:12     | Killed a ten-headed hydra
 15368 | D:12     | Reached skill level 10 in Armour
 15378 | D:12     | Killed a two-headed ogre
 15400 | D:12     | Found a large runed door.
 15401 | D:12     | Noticed an ettin
 15649 | D:12     | Noticed a deep troll earth mage
 15650 | D:12     | Noticed a storm dragon
 15651 | D:12     | Found a large runed door.
 15652 | D:12     | Noticed a tengu reaver
 15700 | D:12     | Reached ****** piety under Beogh
 15735 | D:12     | Found a large runed door.
 15750 | D:12     | Found a large runed door.
 16195 | D:12     | Reached skill level 13 in Fighting
 16220 | D:12     | Reached skill level 5 in Evocations
 16222 | D:12     | Your ally Bogrim died
 16226 | D:12     | Gained Wargath as an ally
 16576 | D:12     | Found a large runed door.
 16589 | D:12     | Found a large runed door.
 16724 | D:12     | Noticed a two-headed ogre
 16733 | D:12     | Killed a two-headed ogre
 16739 | D:12     | Reached XP level 13. HP: 117/121 MP: 20/20
 16773 | D:12     | Found a large runed door.
 16774 | D:12     | Found a large runed door.
 17009 | D:13     | Noticed Kirke
 17018 | D:13     | Killed Kirke
 17018 | D:13     | Gained Murdo as an ally
 18396 | D:11     | Found a bloodstained altar of Trog.
 18589 | D:13     | Your ally Bogrim died
 18596 | D:13     | Your ally Bogbrand died
 18597 | D:13     | Reached skill level 1 in Maces & Flails
 18858 | D:13     | Found a portal to a secret trove of treasure.
 19667 | D:14     | Noticed dinky's ghost (journeyman DrFE)
 19670 | D:14     | Gained mutation: Armour fits poorly on your strangely shaped body. [potion of mutation]
 19670 | D:14     | Gained mutation: You passively map a small area around you. [potion of mutation]
 19678 | D:14     | Killed dinky's ghost
 19938 | D:14     | Found a gate to the Vaults.
 19938 | D:14     | Noticed a vault guard
 19961 | D:14     | Killed a vault guard
 20339 | D:14     | Got a crude chain mail
 20342 | D:14     | Identified the cursed +0 chain mail of Surprise {+Inv} (You found it on level 14 of the Dungeon)
 21379 | D:15     | Entered Level 15 of the Dungeon
 21831 | Lair:2   | Reached skill level 5 in Maces & Flails
 21889 | Lair:2   | Found a hole to the Spider Nest.
 22124 | Lair:2   | Reached skill level 14 in Fighting
 22706 | Lair:3   | Found a dark tunnel.
 22795 | Volcano  | Entered a volcano
 22814 | Volcano  | Noticed a stone giant
 22835 | Volcano  | Killed a stone giant
 23126 | Volcano  | Gained Argrim as an ally
 23249 | Volcano  | Reached XP level 14. HP: 114/131 MP: 21/21
 24104 | Lair:3   | Found a staircase to the Swamp.
 24836 | Lair:4   | Lost mutation: You passively map a small area around you. [potion of mutation]
 24836 | Lair:4   | Gained mutation: Potions are less effective at restoring your health. [potion of mutation]
 24836 | Lair:4   | Gained mutation: Your spells are a little easier to cast, but a little less powerful. [potion of mutation]
 24836 | Lair:4   | Lost mutation: Your spells are a little easier to cast, but a little less powerful. [potion of mutation]
 24836 | Lair:4   | Gained mutation: You are partially covered in icy blue scales. (AC +2) [potion of mutation]
 25636 | Lair:5   | Reached skill level 1 in Long Blades
 25652 | Lair:5   | Found a staircase to the Slime Pits.
 25652 | Lair:5   | Found a viscous altar of Jiyva.
 26425 | Lair:5   | Gained Herok as an ally
 27572 | Lair:6   | Entered Level 6 of the Lair of Beasts
 27928 | Lair:6   | Your ally Argrim died
 28040 | Lair:6   | Gained Orbeogh as an ally
 28233 | Orc:1    | Entered Level 1 of the Orcish Mines
 28810 | Orc:1    | Found a roughly hewn altar of Beogh.
 29545 | Orc:2    | Entered Level 2 of the Orcish Mines
 29568 | Orc:2    | Gained Boghold as an ally
 29599 | Orc:2    | Found a roughly hewn altar of Beogh.
 29816 | Orc:2    | Noticed an orc warlord
 29829 | Orc:2    | Killed an orc warlord
 29911 | Orc:2    | Your ally Boghold died
 29921 | Orc:2    | Noticed a stone giant
 29928 | Orc:2    | Killed a stone giant
 30629 | Orc:2    | Found a roughly hewn altar of Beogh.
 30630 | Orc:2    | Found Fyroimom's Antique Armour Shop.
 30809 | Orc:2    | Found a roughly hewn altar of Beogh.
 30814 | Orc:2    | Found Ughid's Book Shop.
 30959 | Orc:2    | Found a roughly hewn altar of Beogh.
 31026 | Orc:2    | Found a staircase to the Elven Halls.
 31074 | Orc:2    | Noticed Donald
 31084 | Orc:2    | Killed Donald
 31084 | Orc:2    | Reached skill level 10 in Shields
 31266 | Orc:2    | Found a roughly hewn altar of Beogh.
 31377 | Orc:2    | Noticed an orc warlord
 31381 | Orc:2    | Found Qaci's Antique Weapon Emporium.
 31381 | Orc:2    | Found a roughly hewn altar of Beogh.
 31400 | Orc:2    | Killed an orc warlord
 31405 | Orc:2    | Found Hapovvim's Antique Armour Shoppe.
 32675 | D:11     | Upgraded the game from 0.22-a0-284-g99d1f74 to 0.22-a0-292-g0df9d5f
 32675 | D:11     | Upgraded the game from 0.22-a0-292-g0df9d5f to 0.22-a0-294-ge3b9353
 32868 | Swamp:1  | Entered Level 1 of the Swamp
 32886 | Swamp:1  | Gained Rocco as an ally
 32894 | Swamp:1  | Your ally Rocco died
 32897 | Swamp:1  | Your ally Murdo died
 33076 | Swamp:1  | Reached skill level 15 in Fighting
 33320 | Swamp:1  | Reached XP level 15. HP: 101/141 MP: 22/22
 34053 | Swamp:1  | Paralysed by a hornet for 2 turns
 35342 | Swamp:2  | Reached skill level 16 in Fighting
 35591 | Swamp:2  | Reached skill level 10 in Maces & Flails
 35956 | Swamp:2  | Noticed a thorn hunter
 35965 | Swamp:2  | Killed a thorn hunter
 35979 | Swamp:2  | Gained Learuk as an ally
 36548 | Swamp:2  | Lost mutation: Armour fits poorly on your strangely shaped body. [potion of mutation]
 36548 | Swamp:2  | Lost mutation: You are partially covered in icy blue scales. (AC +2) [potion of mutation]
 36548 | Swamp:2  | Gained mutation: Your mind is acute. (Int +2) [potion of mutation]
 36548 | Swamp:2  | Gained mutation: You have a somewhat thin skeletal structure. (Dex +2, Stealth) [potion of mutation]
 36966 | Swamp:3  | Your ally Learuk died
 37201 | Swamp:3  | Noticed Mara
 37331 | Spider:1 | Entered Level 1 of the Spider Nest
 37389 | Spider:1 | Gained Wardok as an ally
 38094 | Spider:1 | Noticed Roxanne
 38107 | Spider:1 | Killed Roxanne
 38339 | Spider:2 | Noticed a ghost moth
 38351 | Spider:1 | Killed a ghost moth
 38354 | Spider:2 | Your ally Wardok died
 39049 | Spider:2 | Reached skill level 17 in Fighting
 39049 | Spider:2 | Reached XP level 16. HP: 125/155 MP: 20/24
 39296 | Spider:2 | Upgraded the game from 0.22-a0-294-ge3b9353 to 0.22-a0-300-g82e80c5
 39577 | Spider:3 | Noticed Asterion
 39612 | Spider:3 | Noticed Arachne
 39615 | Spider:3 | Killed Arachne
 39999 | Elf:1    | Entered Level 1 of the Elven Halls
 40940 | Elf:1    | Got a scorched rapier
 40941 | Elf:1    | Identified the +6 rapier of the Forgotten Dances {venom, *Rage Str+6} (You found it on level 1 of the Elven Halls)
 41237 | Elf:1    | Identified the Papyrus of Evil
 42149 | Elf:2    | Found the +8 longbow "Zephyr" {speed, Dex+3 SInv}
 42188 | Elf:2    | Noticed a Hell Sentinel
 42565 | Elf:2    | Found a huge runed gate.
 42565 | Elf:2    | Found a huge runed gate.
 42565 | Elf:2    | Found a huge runed gate.
 43613 | Elf:2    | Learned a level 2 spell: Song of Slaying
 44032 | Elf:3    | Entered Level 3 of the Elven Halls
 44384 | Elf:3    | Noticed a Brimstone Fiend
 44385 | Elf:3    | Reached skill level 1 in Charms
 44387 | Elf:3    | Noticed a Brimstone Fiend
 44397 | Elf:3    | Splashed by a deep elf sorcerer's acid

Vault maps used:
D:1:      minmay_arrival_checkered_box
D:2:      first_ration, uniq_terence
D:3:      old_standard_altar
D:4:      cheibriados_altar_1, grunt_decor_mini_mirrors, uniq_pikel
D:5:      gammafunk_temple_overflow_statue, minmay_temple_entry_statues_pillars,
          basic_altar, nicolae_qazlal_style_of_elements
D:6:      nicolae_overflow_crystal_walls, okawaru_metal_pillars_3, serial_shops,
          shop, nicolae_ru_path_of_blood
D:7:      zin_academy, uniq_menkaure
D:8:      fedhas_altar_3, blue_anna_alchemist
D:9:      vehumet_altar_wand_db, nicolae_gozag_cash_rules_everything_around_me,
          orc_david_3, serial_shops, kennysheep_mini_moat
D:10:     erik_cavepeople, st_stairs_7, minivault_4, small_statue_alley_b
D:11:     lair_entry_dummy, portal_ice_cave_entry_animals_and_master,
          minivault_14, bloody_trog
D:12:     minmay_five_octagons, basic_altar, kennysheep_nub
D:13:     nicolae_trove_entry_path_of_doom, uniq_kirke
D:14:     david_vaults_5, serial_glass, glass_columns_b, glass_columns_a,
          feat_on_display
D:15:     grunt_enter_depths_hoard, lemuel_blue_sif_altar
Lair:1:   basic_altar, serial_bayou_shore_a
Lair:2:   nicolae_spider_entry_non_spiders
Lair:3:   nicolae_swamp_entry_splash_gauntlet, nicolae_volcano_entry_lava_flow
Lair:4:   grunt_megastairs_1, serial_bayou_shore_b
Lair:5:   slime_altar_1, eino_small_chamber_without_monster
Lair:6:   guppyfry_lair_end_dragon, wormcave, infiniplex_staircase_pool_2
Swamp:1:  hangedman_swamp_cone
Swamp:2:  evilmike_swamp_ruin_house_2, swamp_pool3
Swamp:3:  evilmike_swamp_ruin_house_5, swamp_pool3, uniq_mara, uniq_louise
Spider:1: minmay_another_anthill, uniq_roxanne
Spider:2: nicolae_looking_at_the_future
Spider:3: hive_lemuel, uniq_arachne, uniq_asterion
Orc:1:    nicolae_orc_sculptors_studio, kennysheep_orc_chapel
Orc:2:    grunt_orc_community_town_hall, grunt_orc_community_big_house_1,
          grunt_orc_community_big_house_2, grunt_orc_community_house_2,
          grunt_orc_community_house_1, grunt_orc_community_house_2,
          grunt_orc_community_house_3, grunt_orc_community_house_2,
          grunt_orc_community_house_2, uniq_donald
Elf:1:    eino_elf_arrival_the_gate, minmay_elf_necromancy
Elf:3:    minmay_elf_hall_golems, grunt_megastairs_3, minmay_shop_grove
Volcano:  volcano_pools

Skill      XL: |  1  2  3  4  5  6  7  8  9 10 11 12 13 14 15 16 |
---------------+-------------------------------------------------+-----
Fighting       | 4 5 6 8 10 11 12 13 14 15 17 | 17.6
Stealth        | 2 3 |  3.6
Armour         | 1 2 3 4 6 7 9 10 11 | 11.5
Axes           | 5 6 7 9 10 12 13 | 13.6
Dodging        | 3 4 5 |  5.2
Invocations    | 3 6 7 9 10 11 12 | 12.6
Shields        | 2 3 4 6 8 10 11 | 11.0
Evocations     | 5 7 |  7.0
Maces & Flails | 6 8 11 12 | 12.2
Long Blades    | 4 |  4.1
Charms         | 1 |  1.1

Action                   |  1- 3 |  4- 6 |  7- 9 | 10-12 | 13-15 | 16-18 || total
-------------------------+-------+-------+-------+-------+-------+-------++-------
Melee: Hand axe          |   115 |   315 |   344 |       |    27 |       ||   801
       War axe           |       |       |    70 |   523 |   115 |       ||   708
       Morningstar       |       |       |       |       |   942 |   263 ||  1205
       Triple sword      |       |       |       |       |    77 |       ||    77
       Unarmed           |       |       |       |       |    14 |       ||    14
Throw: Tomahawk          |       |       |       |       |    12 |       ||    12
Invok: Convert to Beogh  |       |     1 |       |       |       |       ||     1
       Recall Orcish Fol |       |       |       |    17 |   101 |     2 ||   120
       Smiting           |       |       |       |     5 |     9 |     4 ||    18
       Stop Recall       |       |       |       |     1 |     3 |     2 ||     6
       Resurrection      |       |       |       |     1 |     1 |       ||     2
       Give Item to Name |       |       |       |       |       |     1 ||     1
 Abil: Evoke Berserk Rag |       |       |       |       |     2 |     1 ||     3
Evoke: Wand              |       |       |       |     6 |    11 |       ||    17
       Lamp of fire      |       |       |       |       |     1 |       ||     1
  Use: Potion            |       |     1 |     4 |     1 |    10 |       ||    16
       Scroll            |       |    10 |     9 |     6 |    13 |     4 ||    42
 Stab: Sleeping          |     5 |     2 |     1 |     1 |     2 |     4 ||    15
       Distracted        |       |       |     1 |     3 |    17 |     1 ||    22
       Confused          |       |       |     1 |       |       |       ||     1
       Paralysed         |       |       |       |    10 |     5 |       ||    15
       Invisible         |       |       |       |     1 |       |       ||     1
  Eat: Chunk             |    13 |    11 |    13 |    43 |   108 |    13 ||   201
       Ration            |       |       |     1 |       |     2 |     1 ||     4
Armor: Robe              |    10 |       |       |       |       |       ||    10
       Leather armour    |    27 |    57 |       |       |       |       ||    84
       Skin              |       |     1 |       |       |       |       ||     1
       Chain mail        |       |    51 |   245 |       |       |       ||   296
       Ring mail         |       |     9 |     9 |   118 |   348 |    79 ||   563
       Scale mail        |       |       |       |    88 |    99 |       ||   187
Dodge: Dodged            |   137 |   155 |   155 |   272 |   556 |    81 ||  1356
Block: Buckler           |       |    18 |   109 |    80 |       |       ||   207
       Shield            |       |       |       |    96 |   608 |   116 ||   820
       Reflection        |       |       |       |       |       |     3 ||     3
       Rpst.: Triple sword |       |       |       |       |    24 |       ||    24

Table legend:
 A = Spawn XP
 B = Non-spawn XP
 C = Spawn XP percentage of total XP
 D = Spawn monster count
 E = Non-spawn monster count
 F = Spawn count percentage of total count
 G = Total turns spent on level
                    A         B        C        D         E        F      G
               +---------+---------+-------+---------+---------+-------+---------
         Total |       0 |  164781 |   0.0 |       0 |     826 |   0.0 | 44397
               +---------+---------+-------+---------+---------+-------+---------
           D:1 |       0 |      47 |   0.0 |       0 |      19 |   0.0 |  1369
           D:2 |       0 |     105 |   0.0 |       0 |      28 |   0.0 |  1418
           D:3 |       0 |     170 |   0.0 |       0 |      28 |   0.0 |  1284
           D:4 |       0 |    1008 |   0.0 |       0 |      20 |   0.0 |  1858
           D:5 |       0 |     947 |   0.0 |       0 |      25 |   0.0 |   994
           D:6 |       0 |     333 |   0.0 |       0 |      13 |   0.0 |   863
           D:7 |       0 |    1151 |   0.0 |       0 |      20 |   0.0 |  1457
           D:8 |       0 |    1905 |   0.0 |       0 |      20 |   0.0 |   833
           D:9 |       0 |     923 |   0.0 |       0 |      19 |   0.0 |   992
          D:10 |       0 |    6099 |   0.0 |       0 |      47 |   0.0 |  2566
          D:11 |       0 |    5354 |   0.0 |       0 |      33 |   0.0 |  2384
          D:12 |       0 |   10699 |   0.0 |       0 |      55 |   0.0 |  1832
          D:13 |       0 |    8510 |   0.0 |       0 |      38 |   0.0 |  1468
          D:14 |       0 |    6477 |   0.0 |       0 |      25 |   0.0 |  2074
          D:15 |       0 |     546 |   0.0 |       0 |       4 |   0.0 |    13
        Lair:1 |       0 |    2035 |   0.0 |       0 |      15 |   0.0 |  1520
        Lair:2 |       0 |    4587 |   0.0 |       0 |      28 |   0.0 |  1464
        Lair:3 |       0 |    4025 |   0.0 |       0 |      30 |   0.0 |  1450
        Lair:4 |       0 |    1547 |   0.0 |       0 |       9 |   0.0 |  1347
        Lair:5 |       0 |    6547 |   0.0 |       0 |      29 |   0.0 |  1617
        Lair:6 |       0 |    4044 |   0.0 |       0 |      19 |   0.0 |   477
       Swamp:1 |       0 |   12843 |   0.0 |       0 |      35 |   0.0 |  2121
       Swamp:2 |       0 |   15841 |   0.0 |       0 |      36 |   0.0 |  1831
       Swamp:3 |       0 |    4639 |   0.0 |       0 |      14 |   0.0 |   338
      Spider:1 |       0 |   11136 |   0.0 |       0 |      42 |   0.0 |  1382
      Spider:2 |       0 |    7389 |   0.0 |       0 |      39 |   0.0 |   987
      Spider:3 |       0 |    2762 |   0.0 |       0 |       2 |   0.0 |    23
         Orc:1 |       0 |    1458 |   0.0 |       0 |      12 |   0.0 |  1367
         Orc:2 |       0 |    8358 |   0.0 |       0 |      48 |   0.0 |  2324
         Elf:1 |       0 |   13278 |   0.0 |       0 |      32 |   0.0 |  1904
         Elf:2 |       0 |   12384 |   0.0 |       0 |      23 |   0.0 |  1883
         Elf:3 |       0 |    4787 |   0.0 |       0 |      13 |   0.0 |   365
       Volcano |       0 |    2847 |   0.0 |       0 |       6 |   0.0 |   592
               +---------+---------+-------+---------+---------+-------+---------
